 Dungeon Crawl Stone Soup version 0.18.1-50-g88ac8fd (webtiles) character file.

644 severens the Magician (level 7, 36/36 HPs)
             Began as a Deep Elf Ice Elementalist on Oct 20, 2016.
             Was a Follower of Vehumet.
             Quit the game on level 5 of the Dungeon on Oct 22, 2016.
             The game lasted 00:41:02 (6097 turns).

severens the Magician (Deep Elf Ice Elementalist)   Turns: 6097, Time: 00:41:03

Health: 36/36      AC:  2    Str:  8    XL:     7   Next: 26%
Magic:  17/17      EV: 13    Int: 22    God:    Vehumet [*.....]
Gold:   392        SH:  0    Dex: 15    Spells: 4 memorised, 7 levels left

rFire  . . .     SeeInvis .     g - +0 dagger (flame)
rCold  . . .     Gourm    .     a - +0 robe
rNeg   . . .     Faith    .     (no shield)
rPois  .         Spirit   .     (no helmet)
rElec  .         Dismiss  .     (no cloak)
rCorr  .         Reflect  .     (no gloves)
SustAt .         Harm     .     (no boots)
MR     .....                    (no amulet)
Stlth  ++++......               w - ring of stealth
                                y - +3 ring of strength

@: not resistant to hostile enchantments, stealthy
A: no striking features
a: Renounce Religion


You were on level 5 of the Dungeon.
You worshipped Vehumet.
Vehumet was aware of your devotion.
You were very hungry.

You visited 2 branches of the dungeon, and saw 7 of its levels.

You collected 392 gold pieces.

Inventory:

Hand Weapons
 g - a +0 dagger of flaming (weapon)
 l - a +1 hunting sling
Missiles
 f - 162 stones
 m - 8 poisoned tomahawks (quivered)
 x - 11 tomahawks
 B - 37 sling bullets
Armour
 a - a +0 robe (worn)
 o - a +0 scale mail
 v - a +0 leather armour
 F - a cursed +0 plate armour
Jewellery
 w - a ring of stealth (right hand)
 y - a +3 ring of strength (left hand)
 C - an uncursed amulet of guardian spirit
Scrolls
 h - 15 scrolls of identify
 p - a scroll of recharging
 u - a scroll of teleportation
 D - a scroll of magic mapping
 H - a scroll of immolation {unknown}
 K - a scroll of remove curse
Potions
 d - 2 potions of flight {unknown}
 e - 2 potions of might {unknown}
 j - a potion of mutation {unknown}
 k - 2 potions of curing {unknown}
 n - a potion of resistance {unknown}
 t - a potion of cure mutation {unknown}
 A - a potion of cancellation {unknown}
 E - a potion of haste {unknown}
 G - a potion of brilliance {unknown}
 J - a potion of agility {unknown}
Books
 b - a book of Frost

   Spells                             Type                      Level
   a - Freeze                         Ice                          1
   b - Throw Frost                    Conjuration/Ice              2
   c - Ozocubu's Armour               Charms/Ice                   3
   d - Throw Icicle                   Conjuration/Ice              4
   e - Summon Ice Beast               Ice/Summoning                4
 I - a book of Burglary

   Spells                             Type                      Level
   a - Swiftness                      Charms/Air                   2
   b - Passwall                       Transmutation/Earth          2
   c - Passage of Golubria            Translocation                4
   d - Lee's Rapid Deconstruction     Earth                        5
   e - Darkness                       Hexes                        6
   f - Invisibility                   Hexes                        6
Comestibles
 c - 5 bread rations
 i - 3 fruits
 q - 3 beef jerkies
 s - a royal jelly
 z - 4 meat rations


   Skills:
 - Level 0.2 Throwing
 + Level 2.7 Dodging
 + Level 4.0 Stealth
 + Level 5.9 Spellcasting
 * Level 4.1 Conjurations
 * Level 3.7 Summonings
 + Level 4.9 Ice Magic


You had 7 spell levels left.
You knew the following spells:

 Your Spells              Type           Power        Failure   Level  Hunger
a - Freeze                Ice            ####         1%          1    None
b - Throw Icicle          Conj/Ice       ####....     14%         4    ###....
c - Summon Ice Beast      Ice/Summ       ####....     17%         4    ###....
d - Flame Tongue          Conj/Fire      ###..        4%          1    None


Dungeon Overview and Level Annotations

Branches:
Dungeon (6/15)             Temple (1/1) D:5

Altars:
Cheibriados
Dithmenos
Gozag
Kikubaaqudgha
Makhleb
Nemelex Xobeh
Okawaru
Qazlal
Ru
Sif Muna
Vehumet
Xom
Yredelemnul
The Shining One

Annotations:
D:3 Terence
D:4 Sigmund
D:5 Grinder


Message History

The orc wizard hits your ice beast with a dagger of venom.
The orc wizard mumbles some strange words.
The orc wizard blinks!
You climb upwards.
Your summoned ally is left behind.
Level annotation: Grinder
There is a stone staircase leading down here.
You start resting.
HP restored.
You start resting.
Your magical contamination has completely faded away.
You start resting.
Magic restored.
Saving game... please wait.
Level annotation: Grinder Welcome back, severens the Deep Elf Ice Elementalist.
Vehumet says: Let it end in hellfire!
Press ? for a list of commands and other information.
Cast which spell? (? or * to list)
Okay, then.
Are you sure you want to abandon this character and quit the game? (Confirm with "yes".)

#.#....# #... #.#.##.#
#.## #......# #.#
#.)....# #.# #.#.##.#
#.# #.#.##.# #.#
#.#.##.# #.# #.#.##.#
#.#
##.#.##@#############.#
#......>...##.........#
#.##.#.###.##.#########
#.##.#.###.##.#
#.##..........#
#.##.#.###.####
#.##.#.###.#
#..........#
############


There were no monsters in sight!

Vanquished Creatures
  A sky beast (D:5)
  An ogre (D:4)
  2 crimson imps
  A hound (D:5)
  A jelly (D:5)
  A centaur zombie (D:5)
  An iguana (D:5)
  An orc wizard (D:3)
  2 worker ants (D:4)
  A hound skeleton (D:4)
  4 adders
  3 gnolls (D:2)
  2 oozes (D:1)
  2 worms
  4 giant geckos
  25 orcs
  5 giant cockroaches
  11 goblins
  6 hobgoblins
  2 jackals
  A quokka (D:3)
  9 bats
  5 giant newts
  7 kobolds
  6 rats
  A fungus (D:4)
105 creatures vanquished.

Notes
Turn   | Place    | Note
--------------------------------------------------------------
     0 | D:1      | severens the Deep Elf Ice Elementalist began the quest for the Orb.
     0 | D:1      | Reached XP level 1. HP: 10/10 MP: 6/6
    85 | D:1      | Reached XP level 2. HP: 8/15 MP: 0/8
   742 | D:1      | Reached skill level 4 in Spellcasting
   742 | D:1      | Reached XP level 3. HP: 19/19 MP: 5/10
  1064 | D:2      | Reached XP level 4. HP: 19/24 MP: 9/12
  1080 | D:2      | Learned a level 4 spell: Throw Icicle
  1085 | D:2      | Learned a level 4 spell: Summon Ice Beast
  1439 | D:2      | Reached skill level 1 in Summonings
  2052 | D:3      | Noticed Terence
  2782 | D:3      | Reached XP level 5. HP: 28/28 MP: 9/13
  3178 | D:4      | Noticed a phantom
  3906 | D:4      | Noticed an ogre
  3912 | D:4      | Killed an ogre
  3912 | D:4      | Reached XP level 6. HP: 32/32 MP: 0/14
  4112 | D:4      | Noticed Sigmund
  4538 | D:5      | Entered Level 5 of the Dungeon
  4589 | D:5      | Found an ancient bone altar of Kikubaaqudgha.
  4594 | D:5      | Found a staircase to the Ecumenical Temple.
  4600 | Temple   | Entered the Ecumenical Temple
  4653 | Temple   | Became a worshipper of Vehumet
  5072 | D:5      | Reached skill level 5 in Spellcasting
  5464 | D:5      | Noticed a sky beast
  5624 | D:5      | Reached * piety under Vehumet
  5624 | D:5      | Offered knowledge of Flame Tongue by Vehumet.
  5624 | D:5      | Reached XP level 7. HP: 36/36 MP: 14/16
  5659 | D:5      | Learned a level 1 spell: Flame Tongue
  5896 | D:5      | Noticed Grinder
  5912 | D:5      | Paralysed by Grinder for 3 turns
  6097 | D:5      | Quit the game

Skill      XL: |  1  2  3  4  5  6 |
---------------+-------------------+-----
Ice Magic      | 4 |  4.9
Spellcasting   | 4 5 |  5.9
Summonings     | 1 3 |  3.7
Conjurations   | 2 3 4 |  4.1
Stealth        | 3 4 |  4.0
Throwing       | |  0.2
Dodging        | |  2.7

Action                   |  1- 3 |  4- 6 |  7- 9 || total
-------------------------+-------+-------+-------++-------
Melee: Dagger            |     7 |    26 |     1 ||    34
 Fire: Hunting sling     |       |    81 |     4 ||    85
Throw: Stone             |    35 |       |       ||    35
       Tomahawk          |    12 |     7 |       ||    19
 Cast: Freeze            |    44 |    95 |     6 ||   145
       Throw Icicle      |       |     7 |     2 ||     9
       Summon Ice Beast  |       |     1 |     3 ||     4
       Flame Tongue      |       |       |     3 ||     3
  Use: Scroll            |       |    10 |     2 ||    12
 Stab: Sleeping          |     2 |       |     1 ||     3
  Eat: Chunk             |       |    16 |     1 ||    17
Armor: Robe              |    15 |     7 |       ||    22
Dodge: Dodged            |    35 |    54 |     3 ||    92
